 Seeded DCSS version 0.23.2 (webtiles) character file.

Game seed: 97667173627

503757 Kranky the Gelid (level 25, -33/197 HPs)
             Began as a Gnoll Wizard on Oct 31, 2019.
             Was the Champion of Okawaru.
             Killed from afar by a halazid warlock (48 damage)
             ... with a ghostly fireball
             ... in the Desolation of Salt on Nov 4, 2019.
             The game lasted 07:43:37 (80900 turns).

Kranky the Gelid (Gnoll Wizard)                    Turns: 80900, Time: 07:43:38

Health: -33/197    AC: 45    Str: 15    XL:     25   Next: 28%
Magic:  35/44      EV:  6    Int: 40    God:    Okawaru [******]
Gold:   3166       SH: 21    Dex: 19    Spells: 15/58 levels left

rFire    + . .     SeeInvis +   u - +9 demon trident (pain)
rCold    + + +     Gourm    +   F - +2 large shield {AC+3}
rNeg     . . .     Faith    .   v - +12 gold dragon scales of Ukhlap {rPois rF+ rC+ MR+ Int+9 Dex-4}
rPois    +         Spirit   .   h - +2 helmet "Ybiop" {rCorr}
rElec    .         Reflect  .   L - +1 cloak {rC+}
rCorr    +         Harm     .   U - +0 pair of gloves of Indomitability {Str+2 Int+5 Dex+6}
MR       ++++.     Clarity  +   V - +1 pair of boots {Fly}
Stlth    ..........             i - amulet "Zorhis" {Gourm rPois rC+ Str-3 Stlth+}
HPRegen  1.42/turn              S - ring of see invisible
MPRegen  0.29/turn              Y - ring of the Mage {Wiz MR++ Int+3}

@: heroism, barbed spikes, flying, regenerating, studying 2 skills, very heavily
drained
A: distributed training, fangs 1, clarity, strong nose
}: 2/15 runes: decaying, gossamer
a: Heroism, Finesse, Renounce Religion, Stop Flying


You were in the Desolation of Salt.
You worshipped Okawaru.
Okawaru was exalted by your worship.
You were completely stuffed.

You visited 8 branches of the dungeon, and saw 41 of its levels.
You visited 1 bazaar.
You also visited: Sewer, Bailey, Gauntlet, Ice Cave and Desolation.

You collected 6920 gold pieces.
You spent 3754 gold pieces at shops.

Inventory:

Hand Weapons
 u - a +9 demon trident of pain (weapon)
 y - the +7 double sword of Foul Odors {freeze, rC+++ rN++ MP+9 Stlth+}
   (You bought it in a shop on level 1 of the Orcish Mines)

   It has been specially enchanted to freeze those struck by it, causing extra
   injury to most foes and up to half again as much damage against particularly
   susceptible opponents.
   It can also slow down cold-blooded creatures.
   It renders you almost immune to cold.
   It greatly protects you from negative energy.
   It affects your magic capacity (+9).
   It makes you more stealthy.
 Q - the +9 mace of Resourcefulness {flame, rElec rPois Int-5}
   (You found it on level 2 of the Elven Halls)

   It has been specially enchanted to burn those struck by it, causing extra
   injury to most foes and up to half again as much damage against particularly
   susceptible opponents.
   It affects your intelligence (-5).
   It insulates you from electricity.
   It protects you from poison.
Missiles
 J - 5 throwing nets (quivered)
Armour
 h - the +2 helmet "Ybiop" (worn) {rCorr}
   (Okawaru gifted it to you on level 2 of the Spider Nest)

   It provides partial protection from all sources of acid and corrosion.
 v - the +12 gold dragon scales of Ukhlap (worn) {rPois rF+ rC+ MR+ Int+9 Dex-4}
   (Okawaru gifted it to you on level 4 of the Depths)

   It affects your intelligence (+9).
   It affects your dexterity (-4).
   It protects you from fire.
   It protects you from cold.
   It protects you from poison.
   It affects your resistance to hostile enchantments.
 F - a +2 large shield of protection (worn)
 L - a +1 cloak of cold resistance (worn)
 U - the +0 pair of gloves of Indomitability (worn) {Str+2 Int+5 Dex+6}
   (You found it on level 3 of the Elven Halls)

   It affects your strength (+2).
   It affects your intelligence (+5).
   It affects your dexterity (+6).
 V - a +1 pair of boots of flying (worn)
Jewellery
 i - the amulet "Zorhis" (around neck) {Gourm rPois rC+ Str-3 Stlth+}
   (You took it off a kobold demonologist on level 3 of the Depths)

   [amulet of the gourmand]

   It allows you to eat raw meat even when not hungry.
   It affects your strength (-3).
   It protects you from cold.
   It protects you from poison.
   It makes you more stealthy.
 q - an uncursed ring of poison resistance
 w - an uncursed ring of protection from fire
 z - an uncursed ring of protection from magic
 S - a ring of see invisible (left hand)
 Y - the ring of the Mage (right hand) {Wiz MR++ Int+3}
   (You found it in a Gauntlet)

   [ring of wizardry]

   It improves your spell success rate.
   It affects your intelligence (+3).
   It affects your resistance to hostile enchantments.
Wands
 a - a wand of disintegration (15)
 s - a wand of clouds (16)
 D - a wand of iceblast (71)
 M - a wand of digging (5)
 P - a wand of acid (19)
Scrolls
 e - 7 scrolls of fear
 g - a scroll of identify
 j - 12 scrolls of fog
 m - 13 scrolls of teleportation
 n - a scroll of silence
 o - a scroll of brand weapon
 E - 11 scrolls of remove curse
 I - 6 scrolls of magic mapping
 O - 3 scrolls of blinking
 R - 2 scrolls of summoning
 T - 4 scrolls of amnesia
 Z - 2 scrolls of holy word
Potions
 c - 5 potions of invisibility
 f - 6 potions of haste
 k - 3 potions of heal wounds
 A - 23 potions of curing
 B - 11 potions of might
 C - 7 potions of brilliance
 G - a potion of cancellation
 N - 7 potions of agility
 W - 5 potions of resistance
 X - 4 potions of ambrosia
Books
 t - a manual of Ice Magic
 x - a manual of Transmutations
Miscellaneous
 b - a phantom mirror
 l - a lamp of fire
Comestibles
 d - 46 rations
 p - a chunk of flesh


   Skills:
 + Level 15.8(15.1) Fighting
 + Level 15.8(15.1) Short Blades
 + Level 15.8(15.1) Long Blades
 + Level 15.8(15.1) Axes
 + Level 15.8(15.1) Maces & Flails
 + Level 15.8(15.1) Polearms
 + Level 15.8(15.1) Staves
 + Level 15.8(15.1) Slings
 + Level 15.8(15.1) Bows
 + Level 15.8(15.1) Crossbows
 + Level 15.8(15.1) Throwing
 + Level 15.8(15.1) Armour
 + Level 16.3(15.6) Dodging
 + Level 16.2(15.5) Stealth
 + Level 15.8(15.1) Shields
 + Level 15.8(15.1) Unarmed Combat
 + Level 17.0(11.7) Spellcasting
 + Level 13.8(8.9) Conjurations
 + Level 13.6(8.7) Hexes
 + Level 13.6(8.7) Charms
 + Level 13.8(8.9) Summonings
 + Level 13.6(8.7) Necromancy
 + Level 13.8(8.9) Translocations
 + Level 13.7(8.8) Transmutations
 + Level 13.6(8.7) Fire Magic
 + Level 17.4(12.1) Ice Magic
 + Level 13.6(8.7) Air Magic
 + Level 13.6(8.7) Earth Magic
 + Level 13.6(8.7) Poison Magic
 + Level 17.0(11.8) Invocations
 + Level 15.8(10.7) Evocations


You had 15 spell levels left.
You knew the following spells:

 Your Spells              Type           Power        Failure   Level  Hunger
a - Regeneration          Chrm/Necr      #######...   26%         3    None
b - Blink                 Tloc           N/A          13%         2    None
c - Conjure Flame         Conj/Fire      #######.     26%         3    None
d - Mephitic Cloud        Conj/Pois/Air  #######.     26%         3    None
e - Call Imp              Summ           #######.     13%         2    None
f - Poisonous Vapours     Pois/Air       ######       14%         2    None
g - Fireball              Conj/Fire      #######...   91%         5    None
h - Freezing Cloud        Conj/Ice/Air   #######...   100%        6    ###....
i - Bolt of Fire          Conj/Fire      #######...   100%        6    ###....
j - Bolt of Cold          Conj/Ice       #######...   99%         6    ###....
k - Borgnjor's Vile Clut  Necr/Erth      #######...   91%         5    None

Your spell library contained the following spells:

 Spells                   Type           Power        Failure   Level  Hunger
 Ensorcelled Hibernation  Hex/Ice        ######       7%          2    None
 Throw Frost              Conj/Ice       ######       7%          2    None
 Beastly Appendage        Tmut           ######       9%          1    None
 Corona                   Hex            #######      9%          1    None
 Flame Tongue             Conj/Fire      #####        9%          1    None
 Infusion                 Chrm           ####         9%          1    None
 Magic Dart               Conj           ####         9%          1    None
 Shock                    Conj/Air       ####         9%          1    None
 Passwall                 Tmut/Erth      #######.     13%         2    None
 Searing Ray              Conj           ######       13%         2    None
 Shroud of Golubria       Chrm/Tloc      #######...   13%         2    None
 Sticks to Snakes         Tmut           #######.     13%         2    None
 Throw Flame              Conj/Fire      ######       13%         2    None
 Slow                     Hex            #######.     14%         2    None
 Song of Slaying          Chrm           #######.     14%         2    None
 Swiftness                Chrm/Air       #######.     14%         2    None
 Dazzling Spray           Conj/Hex       ######       26%         3    None
 Ignite Poison            Fire/Tmut/Pois #######.     26%         3    None
 Inner Flame              Hex/Fire       #######.     26%         3    None
 Portal Projectile        Hex/Tloc       ######       26%         3    None
 Spectral Weapon          Hex/Chrm       #######.     26%         3    None
 Spider Form              Tmut/Pois      #######...   26%         3    None
 Static Discharge         Conj/Air       #######.     26%         3    None
 Ice Form                 Ice/Tmut       #######.     41%         4    None
 Force Lance              Conj/Tloc      #######.     61%         4    None
 Fulminant Prism          Conj/Hex       #######...   61%         4    None
 Iskenderun's Mystic Bla  Conj           #######.     61%         4    None
 Passage of Golubria      Tloc           N/A          61%         4    None
 Sticky Flame             Conj/Fire      #######.     61%         4    None
 Airstrike                Air            #######...   63%         4    None
 Cause Fear               Hex            #######...   63%         4    None
 Leda's Liquefaction      Hex/Erth       #######...   63%         4    None
 Metabolic Englaciation   Hex/Ice        #######...   75%         5    None
 Alistair's Intoxication  Tmut/Pois      #######.     91%         5    None
 Blade Hands              Tmut           #######...   91%         5    None
 Bolt of Draining         Conj/Necr      #######...   91%         5    None
 Lee's Rapid Deconstruct  Erth           #######...   91%         5    None
 Lightning Bolt           Conj/Air       #######...   91%         5    None
 Silence                  Hex/Air        #######...   91%         5    None
 Yara's Violent Unravell  Hex/Tmut       #######...   91%         5    None
 Ozocubu's Refrigeration  Ice            #######...   96%         6    ###....
 Simulacrum               Ice/Necr       #######...   99%         6    ###....
 Darkness                 Hex            #######...   100%        6    ###....
 Deflect Missiles         Chrm/Air       #######...   100%        6    ###....
 Invisibility             Hex            #######.     100%        6    ###....
 Shadow Creatures         Summ           N/A          100%        6    ###....
 Statue Form              Tmut/Erth      #######..    100%        6    ###....
 Ring of Flames           Chrm/Fire      #######...   100%        7    #####..
 Spellforged Servitor     Conj/Summ      #######...   100%        7    #####..
 Discord                  Hex            #######...   100%        8    ######.
 Ignition                 Fire           #######...   100%        8    ######.


Dungeon Overview and Level Annotations

Branches:
Dungeon (15/15)            Temple (0/1) D:7            Lair (6/6) D:11
  Swamp (4/4) Lair:3       Spider (4/4) Lair:4        Slime (0/5) Lair:5
    Orc (2/2) D:9             Elf (3/3) Orc:2        Vaults (2/5) D:13
 Depths (5/5) D:15            Zot (0/5) Depths:5
  Crypt: Vaults:2-3

Altars:
Dithmenos
Fedhas
Kikubaaqudgha
Makhleb
Okawaru
Ru
Vehumet
Xom
Beogh

Shops:
D:5 [   Orc:1 (   Orc:2 :?[}}   Elf:3 }=}

Portals:
Hell: Depths:1 Depths:2 Depths:3 Depths:4 Depths:5
Abyss: Depths:4
Pandemonium: Depths:3
Ziggurat: Depths:5

Annotations:
Lair:2 1 runed translucent door, exclusion: 2 oklob plants, Qoesoec's ghost, journeyman GrFi
Lair:5 exclusion: 2 oklob plants
Elf:2 5 runed translucent doors


Innate Abilities, Weirdness & Mutations

Your experience applies equally to all skills.
You have very sharp teeth.
Your uncanny sense of smell can sniff out nearby items.
You possess an exceptional clarity of mind.


Message History

You feel drained.
* * * LOW HITPOINT WARNING * * *
The ghostly fireball engulfs the saltling.
The saltling completely resists.
The ghostly fireball engulfs the saltling.
The saltling completely resists.
The ghostly fireball engulfs the halazid warlock.
The halazid warlock completely resists.
The ghostly fireball engulfs the peacekeeper.
The peacekeeper completely resists.
The ghostly fireball engulfs the peacekeeper.
The peacekeeper completely resists.
The ghostly fireball engulfs the peacekeeper.
The peacekeeper completely resists.
The saltling hits you.
* * * LOW HITPOINT WARNING * * *
The halazid warlock casts a spell at the saltling.
The saltling's animating energy erupts into ghostly fire!
The ghostly flame explodes!
The ghostly fireball engulfs you!!!
You feel drained.
You die...

##.. ##... ##..## .....
#.. ##....#.... #...
##..8..#L.##.8..
##....8.8..S...§
##.....8L8§.....
##.....8.8§§§.§
##.....@88§.§§
##......8§§§§ .
##......§§§§§ §.....
##......§§§§§ .....#
##..##..§§§§§§§§§§§§§...
##........§§§§§§§§§§§...
##......§.§§§§§§§§§.§§..
##.......§§§§§§§§§§§#...
##........§.§.§§§§§.#...


You could see 2 halazid warlocks, 4 peacekeepers, a guardian serpent and 5
saltlings.

Vanquished Creatures
  Sojobo (Depths:2)
  Saint Roka (Depths:1)
  6 caustic shrikes
  2 golden dragons (Depths:5)
  the Enchantress (Depths:1)
  Arachne (Spider:2)
  6 liches
  A titan (Depths:4)
  3 deep elf blademasters (Elf:3)
  A deep elf master archer (Elf:3)
  An Executioner (Depths:3)
  Frances (D:13)
  2 sphinxes
  Kirke (D:14)
  2 thorn hunters (Swamp:1)
  2 storm dragons (Depths:5)
  5 tengu reavers
  2 shadow dragons
  A daeva (Depths:5)
  The ghost of Puq Cuid the Slicer, an adept KoAK of Lugonu (Elf:2)
  6 frost giants
  9 fire giants
  An iron dragon (Elf:1)
  14 deep elf sorcerers
  3 vault wardens (Vaults:1)
  A cacodemon (Depths:3)
  2 draconian shifters (Depths:5)
  4 imperial myrmidons (Desolation)
  5 deep elf elementalists (Elf:3)
  An orc warlord (Orc:1)
  7 ghost moths
  Louise (D:14)
  A draconian scorcher (Depths:5)
  An angel (Depths:5)
  6 emperor scorpions
  21 very ugly things
  5 spriggan defenders
  4 ironheart preservers (Vaults:1)
  4 entropy weavers
  The ghost of SushiGirl the Devastator, a journeyman DECj of Vehumet (Elf:2)
  The ghost of SushiGirl the Devastator, a journeyman DECj of Vehumet (Elf:2)
  A black draconian (Depths:5)
  10 deep elf demonologists
  10 stone giants
  2 green draconians (Depths:5)
  Azrael (D:13)
  12 deep elf annihilators
  A purple draconian (Depths:5)
  A red draconian (Depths:5)
  2 vampire knights
  A minotaur (Gauntlet)
  14 spark wasps
  A white draconian (Depths:5)
  4 deep elf death magi
  15 ettins
  6 ragged hierophants (Desolation)
  A blizzard demon (Depths:3)
  A merfolk impaler (Depths:2)
  Erolcha (Orc:2)
  5 great orbs of eyes
  9 fire dragons
  8 deep elf high priests
  6 yaktaur captains
  8 ice dragons
  3 shambling mangroves (Swamp:1)
  6 servants of whispers (Desolation)
  4 spriggan air magi
  3 vault guards
  A ghost crab (Swamp:4)
  Harold (D:9)
  27 hydras
  6 rakshasas
  2 peacekeepers (Desolation)
  20 dancing weapons
  3 catoblepae (Lair:6)
  18 two-headed ogres
  7 centaur warriors
  10 tengu warriors
  9 alligators
  10 ogre magi
  10 deep troll earth magi
  11 deep troll shamans
  8 spriggan berserkers
  6 death yaks (Lair:6)
  2 orc high priests
  3 vampire magi
  17 deep elf knights
  A large abomination (Elf:3)
  Sonja (Lair:2)
  A soul eater (Depths:3)
  32 hell knights
  3 glowing orange brains
  4 iron trolls
  4 skeletal warriors (D:12)
  11 swamp dragons
  An unseen horror (Vaults:1)
  An unseen horror (shapeshifter) (Elf:2)
  A spriggan druid (Swamp:4)
  6 wizards
  26 deep trolls
  A swamp dragon (shapeshifter) (Depths:1)
  2 phantasmal warriors (Depths:4)
  2 harpies (Depths:1)
  9 deep elf archers
  5 orc knights
  4 ironbrand convokers
  A harpy (shapeshifter) (Depths:1)
  22 orb spiders
  33 wolf spiders
  9 orc sorcerers
  3 necromancers
  30 ugly things
  5 moths of wrath
  49 deep elf magi
  7 cyclopes
  3 manticores
  5 elephants (Lair:6)
  Maurice (D:13)
  2 black mambas
  3 vault sentinels (Vaults:1)
  A rust devil (Depths:3)
  A molten gargoyle (Desolation)
  22 spiny frogs
  4 guardian serpents
  Psyche (D:9)
  An ice statue (IceCv)
  3 smoke demons (Depths:3)
  5 torpor snails
  A hellion (Depths:3)
  A minotaur zombie (Gauntlet)
  5 spectral swamp worms (Depths:5)
  8 komodo dragons
  4 kobold demonologists (Depths:3)
  2 efreet
  10 freezing wraiths (IceCv)
  12 demonic crawlers
  A yaktaur (shapeshifter) (Depths:4)
  3 hellwings (Depths:3)
  4 ice devils
  10 trolls
  25 yaktaurs
  2 meliai (shapeshifter)
  A merfolk (shapeshifter) (Depths:4)
  37 jumping spiders
  A polar bear (Lair:5)
  6 tengu conjurers
  24 saltlings (Desolation)
  26 hornets
  16 tyrant leeches
  14 blink frogs
  8 hippogriffs
  25 slime creatures
  7 dream sheep (Lair:4)
  A bog body (Swamp:3)
  98 redbacks
  2 vampires
  14 spriggans
  48 yaks
  A shadow (Swamp:1)
  A tarantella (shapeshifter) (Vaults:1)
  An air elemental (Elf:3)
  A ynoxinul (Depths:3)
  7 water elementals
  3 wraiths
  9 humans (D:13)
  A basilisk (shapeshifter) (Depths:4)
  10 fire elementals
  A yak (shapeshifter) (D:15)
  31 tarantellas
  2 hogs (D:13)
  8 wyverns
  A human (shapeshifter) (D:15)
  A basilisk (D:13)
  A steam dragon (D:13)
  16 vampire mosquitoes
  2 death yak simulacra (IceCv)
  2 redback simulacra (Gauntlet)
  A harpy simulacrum (Gauntlet)
  19 swamp worms
  4 wargs
  An acid dragon (D:12)
  16 water moccasins
  A floating eye (Depths:4)
  A water moccasin (shapeshifter) (D:15)
  2 hell hounds (D:13)
  10 porcupines
  13 ice beasts
  41 orc warriors
  7 sky beasts
  3 phantoms
  8 swamp drakes
  2 black bears
  An alligator simulacrum (IceCv)
  37 ogres
  4 boggarts (Vaults:1)
  16 centaurs
  A necrophage (D:10)
  7 crocodiles
  5 big kobolds
  20 bullfrogs
  6 earth elementals
  A water moccasin zombie (Swamp:2)
  A wyvern skeleton (D:8)
  A hornet simulacrum (Gauntlet)
  5 killer bees (D:7)
  An elephant simulacrum (IceCv)
  4 scorpions
  A swamp dragon simulacrum (Swamp:2)
  3 electric eels (Spider:3)
  4 wights (D:9)
  3 centaur zombies
  6 crimson imps
  4 draconian simulacra (IceCv)
  2 bullfrog zombies
  2 hounds
  5 jellies
  43 orc wizards
  20 orc priests
  A gnoll shaman (D:7)
  5 centaur skeletons
  An iron imp (Depths:1)
  7 worker ants
  6 iguanas
  7 troll simulacra (IceCv)
  A killer bee zombie (D:8)
  5 centaur simulacra (IceCv)
  2 crocodile zombies (Swamp:2)
  A hound zombie (D:6)
  A hound skeleton (D:8)
  3 worker ant zombies
  9 gnolls
  4 naga simulacra (IceCv)
  20 adders
  3 river rats (Sewer)
  A shadow imp (D:7)
  15 white imps
  4 oozes
  3 adder zombies
  3 adder skeletons
  4 worms
  3 dart slugs
  7 leopard geckos
  165 orcs
  4 giant cockroaches
  10 hobgoblins
  12 jackals
  30 kobolds
  4 quokkas
  5 ball pythons
  A bat (shapeshifter) (D:15)
  4 bats
  11 frilled lizards
  7 goblins
  A quokka skeleton (D:6)
  29 rats
  A butterfly (Lair:3)
  2 crawling corpses (Elf:3)
  A pillar of salt (Vaults:2)
2022 creatures vanquished.

Vanquished Creatures (collateral kills)
  the Lernaean hydra (Swamp:4)
  A hydra (Swamp:4)
  A spiny frog (Lair:1)
  2 acid dragons (D:11)
  An ogre (D:11)
  An orc (D:11)
7 creatures vanquished.

Vanquished Creatures (others)
  Nikola (Depths:1)
  Roxanne (D:14)
  A fire giant (Depths:4)
  2 two-headed ogres (Depths:1)
  A tengu warrior (Depths:1)
  A deep troll (Depths:1)
  A spiny frog (Swamp:3)
  2 saltlings (Desolation)
  A redback (Spider:3)
  2 humans
  A vampire mosquito (Swamp:3)
  An orc warrior (Depths:1)
  A swamp drake (Swamp:4)
  2 orc wizards
  An orc (Elf:1)
  16 fungi
  16 plants
  2 withered plants (Elf:2)
53 creatures vanquished.

Grand Total: 2082 creatures vanquished

Notes
Turn   | Place    | Note
-------+----------+-------------------------------------------
     0 | D:1      | Kranky the Gnoll Wizard began the quest for the Orb.
     0 | D:1      | Reached XP level 1. HP: 13/13 MP: 8/8
   201 | D:1      | Reached XP level 2. HP: 19/19 MP: 3/10
   637 | D:1      | Reached XP level 3. HP: 25/25 MP: 4/11
  1162 | D:2      | Reached skill level 1 in Invocations
  1403 | D:2      | Reached skill level 1 in Fighting
  1403 | D:2      | Reached skill level 1 in Short Blades
  1403 | D:2      | Reached skill level 1 in Long Blades
  1403 | D:2      | Reached skill level 1 in Axes
  1403 | D:2      | Reached skill level 1 in Maces & Flails
  1403 | D:2      | Reached skill level 1 in Polearms
  1403 | D:2      | Reached skill level 1 in Staves
  1403 | D:2      | Reached skill level 1 in Slings
  1403 | D:2      | Reached skill level 1 in Bows
  1403 | D:2      | Reached skill level 1 in Crossbows
  1403 | D:2      | Reached skill level 1 in Throwing
  1403 | D:2      | Reached skill level 1 in Armour
  1403 | D:2      | Reached skill level 1 in Shields
  1403 | D:2      | Reached skill level 1 in Unarmed Combat
  1403 | D:2      | Reached skill level 1 in Evocations
  1411 | D:2      | Reached XP level 4. HP: 32/32 MP: 0/13
  1675 | D:2      | Learned a level 2 spell: Blink
  1682 | D:2      | Learned a level 3 spell: Conjure Flame
  1686 | D:2      | Learned a level 3 spell: Mephitic Cloud
  2167 | D:3      | Reached skill level 1 in Hexes
  2167 | D:3      | Reached skill level 1 in Charms
  2167 | D:3      | Reached skill level 1 in Necromancy
  2167 | D:3      | Reached skill level 1 in Transmutations
  2167 | D:3      | Reached skill level 1 in Fire Magic
  2167 | D:3      | Reached skill level 1 in Ice Magic
  2167 | D:3      | Reached skill level 1 in Air Magic
  2167 | D:3      | Reached skill level 1 in Earth Magic
  2167 | D:3      | Reached skill level 1 in Poison Magic
  2415 | D:3      | Reached XP level 5. HP: 37/37 MP: 9/14
  2439 | D:3      | Noticed an ogre
  2465 | D:3      | Killed an ogre
  3114 | D:3      | Reached XP level 6. HP: 18/44 MP: 12/16
  3566 | D:4      | Reached skill level 5 in Dodging
  3778 | D:4      | Reached XP level 7. HP: 50/50 MP: 18/18
  4220 | D:5      | Entered Level 5 of the Dungeon
  4262 | D:5      | Found Busk's Antique Armour Boutique.
  4278 | D:5      | Bought a pair of glowing boots for 195 gold pieces
  4299 | D:5      | Found a glowing drain.
  4318 | Sewer    | Entered a sewer
  4887 | Sewer    | Reached skill level 5 in Stealth
  5102 | D:5      | Reached XP level 8. HP: 57/57 MP: 15/19
  6498 | D:6      | Reached XP level 9. HP: 65/65 MP: 15/21
  6753 | D:6      | Found an iron altar of Okawaru.
  6771 | D:6      | Became a worshipper of Warmaster Okawaru
  7410 | D:7      | Reached * piety under Okawaru
  7586 | D:7      | Found a staircase to the Ecumenical Temple.
  7820 | D:7      | Reached ** piety under Okawaru
  7837 | D:7      | Reached skill level 5 in Invocations
  7890 | D:7      | Found a shadowy altar of Dithmenos.
  8161 | D:8      | Reached XP level 10. HP: 62/73 MP: 22/22
  8549 | D:8      | Reached *** piety under Okawaru
  8567 | D:8      | Reached skill level 5 in Fighting
  8567 | D:8      | Reached skill level 5 in Short Blades
  8567 | D:8      | Reached skill level 5 in Long Blades
  8567 | D:8      | Reached skill level 5 in Axes
  8567 | D:8      | Reached skill level 5 in Maces & Flails
  8567 | D:8      | Reached skill level 5 in Polearms
  8567 | D:8      | Reached skill level 5 in Staves
  8567 | D:8      | Reached skill level 5 in Slings
  8567 | D:8      | Reached skill level 5 in Bows
  8567 | D:8      | Reached skill level 5 in Crossbows
  8567 | D:8      | Reached skill level 5 in Throwing
  8567 | D:8      | Reached skill level 5 in Armour
  8567 | D:8      | Reached skill level 5 in Shields
  8567 | D:8      | Reached skill level 5 in Unarmed Combat
  8567 | D:8      | Reached skill level 5 in Evocations
  9229 | D:9      | Found a staircase to the Orcish Mines.
  9617 | D:9      | Noticed Harold
  9658 | D:9      | Killed Harold
  9658 | D:9      | Reached **** piety under Okawaru
  9658 | D:9      | Reached skill level 5 in Conjurations
  9658 | D:9      | Reached skill level 5 in Summonings
  9658 | D:9      | Reached skill level 5 in Translocations
 10265 | D:9      | Reached ***** piety under Okawaru
 10400 | D:9      | Noticed Psyche
 10411 | D:9      | Killed Psyche
 10521 | D:10     | Entered Level 10 of the Dungeon
 10634 | D:10     | Noticed a guardian serpent
 10989 | D:10     | Noticed a guardian serpent
 10991 | D:10     | Killed a guardian serpent
 10991 | D:10     | Reached XP level 11. HP: 81/81 MP: 24/24
 11651 | D:10     | Reached skill level 5 in Hexes
 11651 | D:10     | Reached skill level 5 in Charms
 11651 | D:10     | Reached skill level 5 in Necromancy
 11651 | D:10     | Reached skill level 5 in Transmutations
 11651 | D:10     | Reached skill level 5 in Fire Magic
 11651 | D:10     | Reached skill level 5 in Ice Magic
 11651 | D:10     | Reached skill level 5 in Air Magic
 11651 | D:10     | Reached skill level 5 in Earth Magic
 11651 | D:10     | Reached skill level 5 in Poison Magic
 12615 | D:11     | Noticed a cyclops
 12665 | D:11     | Received a gift from Okawaru
 13405 | D:11     | Killed a cyclops
 13455 | D:11     | Found a staircase to the Lair.
 13598 | D:10     | Learned a level 2 spell: Call Imp
 13785 | D:11     | Noticed a cyclops
 13790 | D:11     | Killed a cyclops
 13978 | D:11     | Found a shimmering altar of Xom.
 14457 | Lair:1   | Entered Level 1 of the Lair of Beasts
 14485 | Lair:1   | Noticed a seven-headed hydra
 14496 | Lair:1   | Killed a seven-headed hydra
 14589 | Lair:1   | Reached XP level 12. HP: 62/89 MP: 18/25
 15063 | Lair:1   | Learned a level 2 spell: Poisonous Vapours
 15091 | Lair:1   | Reached skill level 10 in Spellcasting
 15108 | Lair:1   | Noticed a four-headed hydra
 15125 | Lair:1   | Killed a four-headed hydra
 15125 | Lair:1   | Received a gift from Okawaru
 15126 | Lair:1   | Got a bloodstained glaive {god gift}
 15127 | Lair:1   | Identified the +7 glaive "Ticamiot" {chop, +Fly rN+ Dex-3}
                  | (Okawaru gifted it to you on level 1 of the Lair of Beasts)
 15160 | Lair:1   | Noticed an eight-headed hydra
 15188 | Lair:1   | Killed an 11-headed hydra
 15945 | Lair:2   | Noticed Sonja
 16148 | Lair:2   | Killed Sonja
 16206 | Lair:2   | Noticed a six-headed hydra
 16213 | Lair:2   | Killed a six-headed hydra
 16389 | Lair:2   | Received a gift from Okawaru
 17577 | Lair:2   | Found a runed translucent door.
 17580 | Lair:2   | Found a shimmering altar of Xom.
 17580 | Lair:2   | Noticed Qoesoec's ghost (journeyman GrFi)
 17580 | Lair:2   | Identified the +4 scimitar of Ruhuw {chaos, Str+4 Int+2}
 17615 | Lair:2   | Reached ****** piety under Okawaru
 18130 | Lair:3   | Received a gift from Okawaru
 18131 | Lair:3   | Got a distressingly furry ring mail {god gift}
 18132 | Lair:3   | Identified the +1 ring mail "Nutod" {rPois Int+4} (Okawaru
                  | gifted it to you on level 3 of the Lair of Beasts)
 18198 | Lair:3   | Found a gate leading to a gauntlet.
 18224 | Gauntlet | Entered a Gauntlet
 18224 | Gauntlet | Found a transporter.
 18518 | Gauntlet | Found a transporter.
 18520 | Gauntlet | Found a transporter.
 18521 | Gauntlet | Found the ring of the Mage {Wiz MR++ Int+3}
 18536 | Gauntlet | Found a transporter.
 18539 | Gauntlet | Found a transporter.
 18551 | Gauntlet | Found a transporter.
 18563 | Gauntlet | Found a transporter.
 18573 | Gauntlet | Found a transporter.
 18583 | Gauntlet | Found a transporter.
 18589 | Gauntlet | Found a transporter.
 18589 | Gauntlet | Found a transporter.
 18591 | Gauntlet | Found a transporter.
 18591 | Gauntlet | Noticed a tengu warrior
 18637 | Gauntlet | Found a transporter.
 18650 | Gauntlet | Found a transporter.
 19245 | Gauntlet | Got a shimmering helmet
 19246 | Gauntlet | Identified the cursed +0 helmet of Puothr Ylam {*Slow rElec
                  | rF+} (You found it in a Gauntlet)
 19258 | Gauntlet | Noticed a minotaur
 19268 | Gauntlet | Killed a minotaur
 19268 | Gauntlet | Reached XP level 13. HP: 96/98 MP: 22/27
 19332 | Gauntlet | HP: 4/98 [minotaur zombie (22)]
 20026 | Lair:3   | Found a staircase to the Swamp.
 20895 | Lair:4   | HP: 3/98 [spiny frog (16)]
 21627 | Lair:4   | Found a hole to the Spider Nest.
 22142 | Lair:5   | Found a frozen archway.
 22318 | IceCv    | Entered an ice cave
 22322 | IceCv    | Received a gift from Okawaru
 23400 | IceCv    | Found an ancient bone altar of Kikubaaqudgha.
 24445 | Lair:5   | Received a gift from Okawaru
 25097 | Lair:5   | Received a gift from Okawaru
 25422 | Lair:6   | Entered Level 6 of the Lair of Beasts
 25885 | Lair:6   | Received a gift from Okawaru
 25885 | Lair:6   | Reached XP level 14. HP: 106/106 MP: 29/29
 26307 | Lair:6   | Learned a level 5 spell: Fireball
 26314 | Lair:6   | Learned a level 6 spell: Freezing Cloud
 26321 | Lair:6   | Learned a level 6 spell: Bolt of Fire
 26478 | Lair:6   | Received a gift from Okawaru
 26704 | Lair:6   | Reached skill level 10 in Dodging
 26788 | Lair:6   | Received a gift from Okawaru
 27078 | Lair:6   | Reached skill level 10 in Stealth
 27173 | Lair:6   | Found the +2 Maxwell's thermic engine {flame, freeze}
 27498 | Lair:6   | Reached skill level 10 in Invocations
 28020 | D:12     | Received a gift from Okawaru
 28034 | D:12     | Found a flagged portal.
 28048 | Bailey   | Entered a bailey
 28495 | Bailey   | Received a gift from Okawaru
 28835 | D:12     | Reached XP level 15. HP: 114/114 MP: 30/30
 29428 | D:12     | You fall through a shaft for 3 floors!
 29428 | D:15     | Entered Level 15 of the Dungeon
 30412 | D:13     | Noticed Azrael
 30468 | D:13     | Killed Azrael
 30472 | D:13     | Reached XP level 16. HP: 78/122 MP: 31/31
 31257 | D:13     | Received a gift from Okawaru
 31483 | D:13     | Reached skill level 10 in Fighting
 31483 | D:13     | Reached skill level 10 in Short Blades
 31483 | D:13     | Reached skill level 10 in Long Blades
 31483 | D:13     | Reached skill level 10 in Axes
 31483 | D:13     | Reached skill level 10 in Maces & Flails
 31483 | D:13     | Reached skill level 10 in Polearms
 31483 | D:13     | Reached skill level 10 in Staves
 31483 | D:13     | Reached skill level 10 in Slings
 31483 | D:13     | Reached skill level 10 in Bows
 31483 | D:13     | Reached skill level 10 in Crossbows
 31483 | D:13     | Reached skill level 10 in Throwing
 31483 | D:13     | Reached skill level 10 in Armour
 31483 | D:13     | Reached skill level 10 in Shields
 31483 | D:13     | Reached skill level 10 in Unarmed Combat
 31483 | D:13     | Reached skill level 10 in Evocations
 31597 | D:13     | Identified the +2 plate armour "Cocrogi" {Regen+ Slay+2}
 31611 | D:13     | Found a gate to the Vaults.
 31622 | D:13     | Got an ichor-stained plate armour
 31623 | D:13     | Identified the +0 plate armour of a wizard's laboratory
                  | {rN+} (You found it on level 13 of the Dungeon)
 31713 | D:13     | Noticed Maurice
 31726 | D:13     | Killed Maurice
 31860 | D:13     | Noticed Frances
 31879 | D:13     | Killed Frances
 32179 | D:14     | Noticed Kirke
 32266 | D:14     | Killed Kirke
 32423 | D:14     | Received a gift from Okawaru
 32472 | D:14     | Identified Roxanne's Almanac of Transmutation
 32472 | D:14     | Noticed Roxanne
 32864 | D:14     | Killed Roxanne
 32864 | D:14     | Reached skill level 10 in Ice Magic
 32983 | D:14     | Found a blossoming altar of Fedhas.
 33208 | D:14     | Noticed Louise
 33219 | D:14     | Killed Louise
 34010 | D:15     | Found a sacrificial altar of Ru.
 34051 | D:15     | Received a gift from Okawaru
 34951 | D:15     | Found a staircase to the Depths.
 35556 | Orc:1    | Entered Level 1 of the Orcish Mines
 35660 | Orc:1    | Found a roughly hewn altar of Beogh.
 35711 | Orc:2    | Entered Level 2 of the Orcish Mines
 36453 | Orc:2    | Found a staircase to the Elven Halls.
 36536 | Orc:2    | Found Ibres's Antique Armour Shop.
 36571 | Orc:2    | Found a radiant altar of Vehumet.
 36571 | Orc:2    | Noticed Erolcha
 36600 | Orc:2    | Killed Erolcha
 36603 | Orc:2    | Found Bokozxesh's Gadget Shop.
 36697 | Orc:2    | Found a roughly hewn altar of Beogh.
 36697 | Orc:2    | Found Siuck's Gadget Shop.
 36698 | Orc:2    | Found Olehieq's Magic Scroll Boutique.
 36745 | Orc:2    | Reached XP level 17. HP: 119/129 MP: 3/33
 36746 | Orc:2    | Found an ancient bone altar of Kikubaaqudgha.
 36954 | Orc:2    | Bought a pair of embroidered boots for 225 gold pieces
 37133 | Orc:2    | Received a gift from Okawaru
 37134 | Orc:2    | Got a wizard robe {god gift}
 37136 | Orc:2    | Found Miepp's Book Emporium.
 37391 | Orc:1    | Found Bum Wausiule's Antique Weapon Shoppe.
 38318 | Orc:1    | Bought a dazzling double sword for 600 gold pieces
 38318 | Orc:1    | Identified the +7 double sword of Foul Odors {freeze, rC+++
                  | rN++ MP+9 Stlth+} (You bought it in a shop on level 1 of
                  | the Orcish Mines)
 38322 | Orc:1    | Bought a polished flail for 255 gold pieces
 38322 | Orc:1    | Identified the cursed +0 flail "Geynt" {protect, -Tele +Fly
                  | rN++ MP+9} (You bought it in a shop on level 1 of the
                  | Orcish Mines)
 38734 | Orc:2    | Learned a level 3 spell: Regeneration
 38759 | Orc:2    | Bought a book of Ice for 975 gold pieces
 38770 | Orc:2    | Learned a level 6 spell: Bolt of Cold
 39155 | Spider:1 | Entered Level 1 of the Spider Nest
 39582 | Swamp:1  | Entered Level 1 of the Swamp
 41872 | Swamp:2  | Received a gift from Okawaru
 41873 | Swamp:2  | Got an ichor-stained chain mail {god gift}
 42272 | Orc:2    | Bought a scroll of identify for 30 gold pieces
 42272 | Orc:2    | Bought a scroll of identify for 30 gold pieces
 42273 | Orc:2    | Identified the +4 chain mail of the Unbroken {rElec rF-
                  | Str+4 Slay+6} (Okawaru gifted it to you on level 2 of the
                  | Swamp)
 42932 | Swamp:3  | Found a transporter.
 44006 | Swamp:3  | Found a transporter.
 44010 | Swamp:3  | Got a coiled wooden ring
 44024 | Swamp:3  | Got a shimmering jade amulet
 44040 | Swamp:3  | Identified the ring of the Pharaoh's Fist {Ice Dex+6
                  | Stlth-} (You found it on level 3 of the Swamp)
 44041 | Swamp:3  | Identified the amulet of Poiz {Inacc *Slow rPois Int+5
                  | Stlth+} (You found it on level 3 of the Swamp)
 44131 | Swamp:4  | Entered Level 4 of the Swamp
 44789 | Swamp:4  | Received a gift from Okawaru
 44829 | Swamp:4  | Reached skill level 10 in Conjurations
 44829 | Swamp:4  | Reached skill level 10 in Summonings
 44829 | Swamp:4  | Reached skill level 10 in Translocations
 44961 | Swamp:4  | Reached XP level 18. HP: 63/138 MP: 8/35
 45110 | Swamp:4  | Noticed the 27-headed Lernaean hydra
 45765 | Orc:2    | Bought a phantom mirror for 390 gold pieces
 46145 | Swamp:4  | Killed the 27-headed Lernaean hydra
 46433 | Swamp:4  | Got a decaying rune of Zot
 46585 | Swamp:4  | Learned a level 5 spell: Borgnjor's Vile Clutch
 46820 | Spider:1 | You are sucked into a shaft!
 47006 | Spider:2 | Reached skill level 10 in Hexes
 47006 | Spider:2 | Reached skill level 10 in Charms
 47006 | Spider:2 | Reached skill level 10 in Necromancy
 47006 | Spider:2 | Reached skill level 10 in Transmutations
 47006 | Spider:2 | Reached skill level 10 in Fire Magic
 47006 | Spider:2 | Reached skill level 10 in Air Magic
 47006 | Spider:2 | Reached skill level 10 in Earth Magic
 47006 | Spider:2 | Reached skill level 10 in Poison Magic
 47737 | Spider:1 | Received a gift from Okawaru
 48183 | Spider:2 | Noticed Arachne
 48199 | Spider:2 | Killed Arachne
 48730 | Spider:3 | Received a gift from Okawaru
 50772 | Spider:2 | Received a gift from Okawaru
 50788 | Spider:2 | Got a distressingly furry helmet {god gift}
 50789 | Spider:2 | Identified the +2 helmet "Ybiop" {rCorr} (Okawaru gifted it
                  | to you on level 2 of the Spider Nest)
 51428 | Spider:3 | Reached XP level 19. HP: 136/146 MP: 26/36
 51843 | Spider:4 | Entered Level 4 of the Spider Nest
 52603 | Spider:4 | Received a gift from Okawaru
 52606 | Spider:4 | Got a slimy battleaxe {god gift}
 53099 | Spider:4 | Received a gift from Okawaru
 53345 | Spider:4 | HP: 2/147 [emperor scorpion (20)]
 53747 | Spider:4 | Received a gift from Okawaru
 54090 | Spider:4 | Got a gossamer rune of Zot
 54399 | Elf:1    | Entered Level 1 of the Elven Halls
 55112 | Elf:1    | Received a gift from Okawaru
 55866 | Elf:1    | Reached XP level 20. HP: 113/155 MP: 18/38
 56413 | Elf:1    | Found a runed translucent gate.
 56413 | Elf:1    | Found a runed translucent gate.
 56413 | Elf:1    | Found a runed translucent gate.
 56413 | Elf:1    | Found a runed translucent gate.
 56413 | Elf:1    | Found a runed translucent gate.
 56415 | Elf:1    | Found a runed translucent gate.
 56482 | Elf:1    | Received a gift from Okawaru
 57014 | Elf:2    | Received a gift from Okawaru
 57572 | Elf:2    | Found a huge runed translucent gate.
 57572 | Elf:2    | Found a huge runed translucent gate.
 57576 | Elf:2    | Found a huge runed translucent gate.
 57577 | Elf:2    | Found a huge runed translucent gate.
 57578 | Elf:2    | Found a huge runed translucent gate.
 57720 | Elf:2    | Received a gift from Okawaru
 57786 | Elf:2    | Found a runed translucent gate.
 57788 | Elf:2    | Found a runed translucent gate.
 57790 | Elf:2    | Noticed Puq Cuid's ghost (adept KoAK)
 57792 | Elf:2    | Noticed SushiGirl's ghost (journeyman DECj)
 57794 | Elf:2    | Noticed SushiGirl's ghost (journeyman DECj)
 57799 | Elf:2    | Found a runed translucent gate.
 57840 | Elf:2    | Received a gift from Okawaru
 57960 | Elf:3    | Entered Level 3 of the Elven Halls
 58335 | Elf:3    | Received a gift from Okawaru
 58636 | Elf:3    | Found Vodisyck's Jewellery Emporium.
 58637 | Elf:3    | Found Tohirola's Gadget Boutique.
 58637 | Elf:3    | Found Wedes's Gadget Boutique.
 58651 | Elf:3    | Bought an uncursed ring of protection from magic for 350
                  | gold pieces
 58801 | Elf:3    | Noticed a Tzitzimitl
 59247 | Elf:3    | Identified the +7 battleaxe "Hellblazer" {freeze, rN+++
                  | Int-2 Dex+3}
 59247 | Elf:3    | Identified the +3 robe of the Worm {Str+2}
 59865 | Elf:3    | Identified the +9 broad axe of Kranky's Bloody Death
                  | {speed, rPois rN+ Str+4 Stlth+}
 60314 | Elf:3    | Received a gift from Okawaru
 60363 | Elf:3    | Reached XP level 21. HP: 60/161 MP: 26/39
 60767 | Elf:3    | Identified the cursed +1 whip "Impbane" {pain, rElec rC+
                  | Stlth+}
 61043 | Elf:3    | Identified the Grimoire of Conjuration and Poison
 61052 | Elf:3    | Got an ancient helmet
 61053 | Elf:3    | Identified the +1 helmet of Inquiry {*Corrode +Fly rC+++
                  | Str-4} (You found it on level 3 of the Elven Halls)
 61088 | Elf:3    | Got a pair of brightly glowing gloves
 61098 | Elf:3    | Identified the cursed +0 pair of gloves of Indomitability
                  | {Str+2 Int+5 Dex+6} (You found it on level 3 of the Elven
                  | Halls)
 61646 | Elf:2    | Killed Puq Cuid's ghost
 61667 | Elf:2    | Killed SushiGirl's ghost
 61685 | Elf:2    | Killed SushiGirl's ghost
 61685 | Elf:2    | Received a gift from Okawaru
 61714 | Elf:2    | Got an iridescent mace
 61715 | Elf:2    | Identified the +9 mace of Resourcefulness {flame, rElec
                  | rPois Int-5} (You found it on level 2 of the Elven Halls)
 62070 | Depths:1 | Entered Level 1 of the Depths
 62173 | Depths:1 | Noticed Saint Roka
 62194 | Depths:1 | Killed Saint Roka
 62206 | Depths:1 | HP: 6/163 [ice dragon/blast of cold (5)]
 62598 | Depths:1 | Received a gift from Okawaru
 62610 | Depths:1 | Reached skill level 15 in Spellcasting
 62818 | Depths:1 | Noticed Nikola
 62818 | Depths:1 | Received a gift from Okawaru
 62833 | Depths:1 | Killed Nikola
 63754 | Depths:1 | Received a gift from Okawaru
 63763 | Depths:1 | Got a distressingly furry ring mail {god gift}
 63764 | Depths:1 | Identified the +6 ring mail "Qokh" {rPois} (Okawaru gifted
                  | it to you on level 1 of the Depths)
 63810 | Depths:1 | Found a gateway to Hell.
 64100 | Depths:1 | Got a shimmering ring mail
 64101 | Depths:1 | Identified the +1 ring mail of Soboxam {Regen+} (You found
                  | it on level 1 of the Depths)
 64525 | Depths:2 | Identified the +1 faerie dragon scales {+Inv rCorr}
 64525 | Depths:2 | Noticed the Enchantress
 64528 | Depths:2 | Reached skill level 15 in Invocations
 64951 | Depths:2 | Reached skill level 15 in Ice Magic
 64976 | Depths:1 | Killed the Enchantress
 64976 | Depths:1 | Reached XP level 22. HP: 41/172 MP: 4/41
 65497 | Depths:2 | Received a gift from Okawaru
 65499 | Depths:2 | Identified the +9 morningstar of Nisixkoc {freeze, +Blink
                  | rF+}
 65541 | Depths:2 | Received a gift from Okawaru
 65592 | Depths:2 | Noticed a caustic shrike
 65603 | Depths:2 | Killed a caustic shrike
 65603 | Depths:2 | Received a gift from Okawaru
 66724 | Depths:2 | Noticed Sojobo
 66738 | Depths:2 | Killed Sojobo
 66738 | Depths:2 | Received a gift from Okawaru
 67178 | Depths:3 | Found a flickering gateway to a bazaar.
 67204 | Bazaar   | Entered a bazaar
 67204 | Bazaar   | Found Xoluhao's Gadget Emporium.
 67204 | Bazaar   | Found Sel Muule's Weapon Emporium.
 67205 | Bazaar   | Found Rodiwawo's Jewellery Shoppe.
 67205 | Bazaar   | Found Faeryphupih's Book Shoppe.
 67228 | Bazaar   | Bought a phantom mirror for 210 gold pieces
 67250 | Bazaar   | Bought a +5 amulet of reflection for 494 gold pieces
 67745 | Depths:3 | Identified 2 scrolls of acquirement
 67750 | Depths:3 | Identified the amulet of Ru's Hope {+Rage Int+4} (You
                  | acquired it on level 3 of the Depths)
 67953 | Depths:3 | Reached skill level 15 in Dodging
 68166 | Depths:3 | Found a one-way gate leading to the halls of Pandemonium.
 68809 | Depths:3 | Identified the amulet "Zorhis" {Gourm rPois rC+ Str-3
                  | Stlth+}
 68835 | Depths:3 | Reached skill level 15 in Stealth
 68852 | Depths:3 | Reached XP level 23. HP: 121/179 MP: 19/42
 69130 | Depths:3 | Received a gift from Okawaru
 69327 | Depths:3 | Gained mutation: You possess an exceptional clarity of
                  | mind. [a cacodemon]
 69342 | Depths:3 | Found a burning altar of Makhleb.
 69502 | Depths:3 | Identified the +5 hunting sling of Incongruity {freeze,
                  | *Slow Str+6 Dex+4 Stlth-} (You found it on level 3 of the
                  | Depths)
 69735 | Depths:3 | Found a runed translucent door.
 69736 | Depths:3 | Found a runed translucent door.
 70272 | Depths:4 | Found a one-way gate to the infinite horrors of the Abyss.
 72064 | Depths:4 | Noticed a caustic shrike
 72065 | Depths:4 | Noticed a caustic shrike
 72068 | Depths:4 | Noticed a caustic shrike
 72082 | Depths:4 | Received a gift from Okawaru
 72084 | Depths:4 | Killed a caustic shrike
 72084 | Depths:4 | HP: 5/180 [acid (5)]
 72571 | Depths:4 | Got ichor-stained gold dragon scales {god gift}
 72572 | Depths:4 | Identified the +12 gold dragon scales of Ukhlap {rPois rF+
                  | rC+ MR+ Int+9 Dex-4} (Okawaru gifted it to you on level 4
                  | of the Depths)
 72939 | Depths:4 | Reached skill level 15 in Fighting
 72939 | Depths:4 | Reached skill level 15 in Short Blades
 72939 | Depths:4 | Reached skill level 15 in Long Blades
 72939 | Depths:4 | Reached skill level 15 in Axes
 72939 | Depths:4 | Reached skill level 15 in Maces & Flails
 72939 | Depths:4 | Reached skill level 15 in Polearms
 72939 | Depths:4 | Reached skill level 15 in Staves
 72939 | Depths:4 | Reached skill level 15 in Slings
 72939 | Depths:4 | Reached skill level 15 in Bows
 72939 | Depths:4 | Reached skill level 15 in Crossbows
 72939 | Depths:4 | Reached skill level 15 in Throwing
 72939 | Depths:4 | Reached skill level 15 in Armour
 72939 | Depths:4 | Reached skill level 15 in Shields
 72939 | Depths:4 | Reached skill level 15 in Unarmed Combat
 72939 | Depths:4 | Reached skill level 15 in Evocations
 72982 | Depths:4 | Noticed a caustic shrike
 73014 | Depths:3 | Killed a caustic shrike
 73217 | Depths:4 | Killed a caustic shrike
 73398 | Depths:4 | Killed a caustic shrike
 73702 | Depths:4 | Identified the +7 great mace "Caerch" {crush, Str+3}
 73874 | Depths:4 | Identified the +6 great sword of Ointment {freeze, *Slow
                  | +Inv rC+ rN+}
 73921 | Depths:4 | Reached XP level 24. HP: 162/188 MP: 24/43
 74048 | Depths:4 | Noticed a caustic shrike
 74131 | Depths:4 | Killed a caustic shrike
 75374 | Depths:5 | Entered Level 5 of the Depths
 75375 | Depths:5 | Found a gateway to a ziggurat.
 75659 | Depths:5 | Received a gift from Okawaru
 76508 | Depths:5 | Found a gate to the Realm of Zot.
 77792 | Vaults:1 | Entered Level 1 of the Vaults
 78139 | Vaults:1 | Received a gift from Okawaru
 78969 | Vaults:1 | Received a gift from Okawaru
 79274 | Vaults:1 | Reached XP level 25. HP: 151/196 MP: 15/43
 79555 | Vaults:1 | Received a gift from Okawaru
 79967 | Vaults:2 | Found a ruined gateway.
 79992 | Desolati | Entered the Desolation of Salt
 80222 | Desolati | Got a scorched silver amulet
 80227 | Desolati | Identified the amulet "Qudwydot" {RegenMP rF+} (You found
                  | it in the Desolation of Salt)
 80235 | Desolati | Identified the Guide on the Harmful Frostbite
 80240 | Desolati | Identified the +7 mace of the Hero {freeze, Dex+6} (You
                  | found it in the Desolation of Salt)
 80372 | Desolati | Received a gift from Okawaru
 80900 | Desolati | Killed from afar by a halazid warlock

Skill      XL: |  1  2  3  4  5  6  7  8  9 10 11 12 13 14 15 16 17 18 19 20 21 22 23 24 25 |
---------------+----------------------------------------------------------------------------+-----
Conjurations   | 2 3 4 5 6 7 8 9 10 11 12 13 | 13.8
Summonings     | 2 3 4 5 6 7 8 9 10 11 12 13 | 13.8
Translocations | 2 3 4 5 6 7 8 9 10 11 12 13 | 13.8
Invocations    | 1 2 3 4 5 6 7 8 9 10 11 12 13 14 15 16 17 | 17.0
Fighting       | 1 2 3 4 5 6 7 8 9 10 11 12 13 14 15 | 15.8
Short Blades   | 1 2 3 4 5 6 7 8 9 10 11 12 13 14 15 | 15.8
Long Blades    | 1 2 3 4 5 6 7 8 9 10 11 12 13 14 15 | 15.8
Axes           | 1 2 3 4 5 6 7 8 9 10 11 12 13 14 15 | 15.8
Maces & Flails | 1 2 3 4 5 6 7 8 9 10 11 12 13 14 15 | 15.8
Polearms       | 1 2 3 4 5 6 7 8 9 10 11 12 13 14 15 | 15.8
Staves         | 1 2 3 4 5 6 7 8 9 10 11 12 13 14 15 | 15.8
Slings         | 1 2 3 4 5 6 7 8 9 10 11 12 13 14 15 | 15.8
Bows           | 1 2 3 4 5 6 7 8 9 10 11 12 13 14 15 | 15.8
Crossbows      | 1 2 3 4 5 6 7 8 9 10 11 12 13 14 15 | 15.8
Throwing       | 1 2 3 4 5 6 7 8 9 10 11 12 13 14 15 | 15.8
Armour         | 1 2 3 4 5 6 7 8 9 10 11 12 13 14 15 | 15.8
Shields        | 1 2 3 4 5 6 7 8 9 10 11 12 13 14 15 | 15.8
Unarmed Combat | 1 2 3 4 5 6 7 8 9 10 11 12 13 14 15 | 15.8
Evocations     | 1 2 3 4 5 6 7 8 9 10 11 12 13 14 15 | 15.8
Hexes          | 1 2 3 4 5 6 7 8 9 10 11 12 13 | 13.6
Charms         | 1 2 3 4 5 6 7 8 9 10 11 12 13 | 13.6
Necromancy     | 1 2 3 4 5 6 7 8 9 10 11 12 13 | 13.6
Transmutations | 1 2 3 4 5 6 7 8 9 10 11 12 13 | 13.7
Fire Magic     | 1 2 3 4 5 6 7 8 9 10 11 12 13 | 13.6
Ice Magic      | 1 2 3 4 5 6 7 9 10 11 12 13 14 15 16 17 | 17.4
Air Magic      | 1 2 3 4 5 6 7 8 9 10 11 12 13 | 13.6
Earth Magic    | 1 2 3 4 5 6 7 8 9 10 11 12 13 | 13.6
Poison Magic   | 1 2 3 4 5 6 7 8 9 10 11 12 13 | 13.6
Dodging        | 5 6 7 8 9 10 11 12 13 14 15 16 | 16.3
Stealth        | 5 6 7 8 9 10 11 12 13 14 15 16 | 16.2
Spellcasting   | 8 9 10 11 12 13 14 15 16 17 | 17.0

Action                   |  1- 3 |  4- 6 |  7- 9 | 10-12 | 13-15 | 16-18 | 19-21 | 22-24 | 25-27 || total
-------------------------+-------+-------+-------+-------+-------+-------+-------+-------+-------++-------
Melee: Dagger            |     5 |       |       |   703 |   516 |       |       |       |       ||  1224
       Bite              |     1 |     3 |    29 |   106 |   110 |   223 |   143 |   125 |    41 ||   781
       Short sword       |     1 |    52 |   311 |   116 |       |       |       |       |       ||   480
       Punch             |       |       |     3 |     8 |       |       |       |       |       ||    11
       Glaive            |       |       |       |    16 |   196 |       |       |       |       ||   212
       Double sword      |       |       |       |       |   228 |   590 |   228 |   178 |       ||  1224
       Demon trident     |       |       |       |       |       |  1139 |   945 |   763 |   188 ||  3035
       Mace              |       |       |       |       |       |       |     3 |     8 |       ||    11
 Fire: Hunting sling     |       |    25 |    77 |   145 |   217 |    57 |       |       |       ||   521
Throw: Throwing net      |       |       |       |       |     4 |       |     1 |       |       ||     5
 Cast: Magic Dart        |    82 |    88 |   167 |   211 |   237 |     6 |       |       |       ||   791
       Mephitic Cloud    |       |     2 |    16 |    45 |    37 |     9 |       |       |       ||   109
       Conjure Flame     |       |     3 |    10 |    23 |    49 |     2 |       |       |       ||    87
       Blink             |       |     1 |       |    11 |     5 |    21 |     1 |     4 |       ||    43
       Call Imp          |       |       |       |    25 |     5 |       |       |       |       ||    30
       Poisonous Vapours |       |       |       |     4 |    44 |     5 |       |     6 |       ||    59
       Fireball          |       |       |       |       |     7 |    62 |     3 |       |       ||    72
       Regeneration      |       |       |       |       |       |     4 |     3 |     1 |     1 ||     9
       Bolt of Fire      |       |       |       |       |       |     3 |       |    25 |       ||    28
       Borgnjor's Vile C |       |       |       |       |       |    50 |   124 |   120 |     9 ||   303
       Bolt of Cold      |       |       |       |       |       |       |    26 |    78 |     2 ||   106
       Freezing Cloud    |       |       |       |       |       |       |    24 |    72 |     3 ||    99
Invok: Heroism           |       |       |       |     9 |     1 |     2 |     1 |     1 |     4 ||    18
       Finesse           |       |       |       |     2 |     2 |     4 |     1 |       |       ||     9
Evoke: Lightning rod     |       |       |       |     4 |       |       |       |       |       ||     4
       Wand              |       |       |       |     1 |       |       |       |     1 |       ||     2
       Phantom mirror    |       |       |       |       |       |     1 |       |       |       ||     1
  Use: Scroll            |       |       |       |    20 |     9 |    20 |    10 |    14 |     3 ||    76
       Potion            |       |       |       |     3 |     5 |     6 |     7 |     5 |     1 ||    27
 Stab: Sleeping          |       |     5 |     6 |    16 |     6 |    35 |    19 |    26 |     3 ||   116
       Confused          |       |       |    15 |    32 |    36 |     3 |       |       |       ||    86
       Distracted        |       |       |     1 |     1 |     2 |     8 |    13 |     5 |       ||    30
       Held in net/web   |       |       |       |       |     1 |       |     1 |       |       ||     2
  Eat: Chunk             |     1 |     7 |    14 |    25 |    27 |    43 |    29 |    66 |     8 ||   220
       Ration            |       |       |       |     3 |     3 |    10 |     7 |       |       ||    23
Armor: Robe              |     5 |     5 |       |       |       |       |       |       |       ||    10
       Ring mail         |       |     3 |   122 |   173 |   200 |   624 |   269 |   132 |     3 ||  1526
       Chain mail        |       |       |       |       |       |    25 |       |       |       ||    25
       Gold dragon scale |       |       |       |       |       |       |       |       |    68 ||    68
Dodge: Dodged            |    23 |    53 |   177 |   434 |   554 |  1141 |   434 |   286 |    45 ||  3147
Block: Buckler           |       |       |       |    84 |   149 |   193 |       |       |       ||   426
       Large shield      |       |       |       |       |       |  1195 |   957 |   666 |   173 ||  2991
       Reflection        |       |       |       |       |       |       |       |     5 |       ||     5
       Rpst.: Double sword |       |       |       |       |    39 |   121 |    13 |    21 |       ||   194
